 Dungeon Crawl Stone Soup version 0.21-a0-507-ga8f6b7a (webtiles) character file.

3468 Laiders the Thaumaturge (level 9, -2/55 HPs)
             Began as a Deep Elf Wizard on Nov 27, 2017.
             Was a Believer of Sif Muna.
             Slain by a hippogriff (5 damage)
             ... on level 8 of the Dungeon on Nov 28, 2017.
             The game lasted 00:46:31 (11469 turns).

Laiders the Thaumaturge (Deep Elf Wizard)          Turns: 11469, Time: 00:46:31

Health: -2/55      AC:  7    Str:  4    XL:     9   Next: 79%
Magic:  21/23      EV: 13    Int: 27    God:    Sif Muna [**....]
Gold:   474        SH:  0    Dex: 13    Spells: 0/24 levels left

rFire    . . .     SeeInvis +   k - +1 hand axe (venom)
rCold    . . .     Gourm    .   (no shield)
rNeg     . . .     Faith    .   a - +1 robe
rPois    .         Spirit   .   r - +0 helmet
rElec    .         Reflect  .   i - +0 cloak
rCorr    .         Harm     .   (no gloves)
MR       .....                  g - +1 pair of boots
Stlth    ++........             (no amulet)
HPRegen  0.18/turn              v - ring of wizardry
MPRegen  0.18/turn              I - ring of see invisible

@: no status effects
A: no striking features
a: Divine Energy, Renounce Religion


You were on level 8 of the Dungeon.
You worshipped Sif Muna.
Sif Muna was pleased with you.
You were near starving.

You visited 2 branches of the dungeon, and saw 9 of its levels.

You collected 474 gold pieces.

Inventory:

Hand Weapons
 k - a +1 hand axe of venom (weapon)
Armour
 a - a +1 robe (worn)
 g - a +1 pair of boots (worn)
 i - a +0 cloak (worn)
 r - a +0 helmet (worn)
Magical Staves
 t - an uncursed staff of cold
 L - an uncursed staff of wizardry
Jewellery
 e - a +3 ring of evasion {unknown}
 v - a ring of wizardry (left hand)
 I - a ring of see invisible (right hand)
Wands
 s - a wand of random effects (25)
 y - a wand of iceblast (7)
 M - a wand of enslavement (20)
 O - a wand of digging (5)
Scrolls
 b - 3 scrolls of blinking
 f - a scroll of fear {unknown}
 n - 2 scrolls of enchant weapon {unknown}
 o - a scroll of immolation
 p - a scroll of amnesia
 q - 3 scrolls of teleportation
 u - 7 scrolls of remove curse
 w - 4 scrolls of enchant armour
 J - 2 scrolls of identify
 N - a scroll of fog {unknown}
Potions
 h - a potion of mutation
 j - 2 potions of haste
 l - a potion of lignification
 z - a potion of might
 A - a potion of magic
 C - a potion of agility
 D - a potion of curing
 E - a potion of flight {unknown}
 G - a potion of resistance {unknown}
 H - a potion of cancellation {unknown}
Books
 c - a book of Minor Magic

   Spells                             Type                      Level
   a - Magic Dart                     Conjuration                  1
   b - Blink                          Translocation                2
   c - Call Imp                       Summoning                    2
   d - Slow                           Hexes                        2
   e - Conjure Flame                  Conjuration/Fire             3
   f - Mephitic Cloud                 Conjuration/Poison/Air       3
 F - a book of Debilitation

   Spells                             Type                      Level
   a - Corona                         Hexes                        1
   b - Slow                           Hexes                        2
   c - Inner Flame                    Hexes/Fire                   3
   d - Portal Projectile              Hexes/Translocation          3
   e - Cause Fear                     Hexes                        4
   f - Leda's Liquefaction            Hexes/Earth                  4
 K - a book of Necromancy

   Spells                             Type                      Level
   a - Pain                           Necromancy                   1
   b - Animate Skeleton               Necromancy                   1
   c - Vampiric Draining              Necromancy                   3
   d - Regeneration                   Charms/Necromancy            3
   e - Animate Dead                   Necromancy                   4
   f - Control Undead                 Necromancy                   4
Comestibles
 d - 3 bread rations
 x - 3 royal jellies
 B - a meat ration


   Skills:
 - Level 6.0 Fighting
 + Level 1.1 Staves
 + Level 3.0 Dodging
 - Level 2.4 Stealth
 - Level 8.1 Spellcasting
 - Level 3.0 Conjurations
 - Level 5.0 Hexes
 - Level 4.1 Charms
 + Level 3.4 Summonings
 - Level 4.0 Necromancy
 - Level 3.0 Translocations
 - Level 3.0 Fire Magic
 - Level 3.1 Air Magic
 - Level 3.0 Poison Magic
 - Level 3.0 Invocations
 - Level 3.0 Evocations


You couldn't memorise any spells.
You knew the following spells:

 Your Spells              Type           Power        Failure   Level  Hunger
a - Magic Dart            Conj           ####         1%          1    None
b - Call Imp              Summ           ####....     1%          2    None
c - Blink                 Tloc           N/A          1%          2    None
d - Mephitic Cloud        Conj/Pois/Air  ####....     1%          3    None
e - Conjure Flame         Conj/Fire      ####....     1%          3    None
f - Cause Fear            Hex            #####.....   2%          4    ##.....
g - Slow                  Hex            #####...     1%          2    None
h - Regeneration          Chrm/Necr      ####......   1%          3    None
i - Animate Dead          Necr           N/A          4%          4    ##.....


Dungeon Overview and Level Annotations

Branches:
Dungeon (8/15)             Temple (1/1) D:6
   Lair: D:8-11

Altars:
Ashenzari
Cheibriados
Dithmenos
Elyvilon
Fedhas
Gozag
Hepliaklqana
Kikubaaqudgha
Makhleb
Nemelex Xobeh
Okawaru
Qazlal
Ru
Sif Muna
Uskayaw
Vehumet
Wu Jian
Xom
Yredelemnul
Zin

Shops:
D:8 ?


Message History

Press: ? - help, Shift-Dir - straight line, f - hippogriff
Aim: a hippogriff (severely wounded, poisoned)
The magic dart hits the hippogriff.
The hippogriff is severely wounded.
The hippogriff bites you!
* * * LOW HITPOINT WARNING * * *
The hippogriff pecks you.
* * * LOW HITPOINT WARNING * * *
The hippogriff barely misses you.
Casting: Magic Dart
Confirm with . or Enter, or press ? or * to list all spells.
Aiming: Magic Dart
Press: ? - help, Shift-Dir - straight line, f/p - hippogriff
Aim: a hippogriff (almost dead, poisoned)
The magic dart hits the hippogriff.
The hippogriff is almost dead.
The hippogriff closely misses you.
The hippogriff pecks you but does no damage.
The hippogriff claws you.
You die...

#. ##.#.### #.
#.###.. #.
#..#.### #.##
#.###.#.###
.....#.♣...[...#
#..(.)....#.#
###♣∩♣#.###.###
#...#†.......
......#♣..@....###
.##### ##H##.....#
#.# .###.# >.. .#
# ##.## # #.# #.#
#.#


You could see a hippogriff.

Vanquished Creatures
  The ghost of p0werm0de the Martial Artist, a novice OpGl (D:6)
  Grinder (D:3)
  A sky beast (D:5)
  4 phantoms
  An ogre (D:7)
  2 centaurs
  3 bullfrogs
  2 scorpions (D:4)
  4 killer bees
  3 wights (D:6)
  A howler monkey (D:7)
  A crimson imp (D:6)
  A jelly (D:7)
  A bullfrog zombie (D:6)
  A centaur zombie (D:6)
  A centaur skeleton (D:7)
  3 hounds
  5 orc priests
  2 iguanas
  9 orc wizards
  6 worker ants
  A hound zombie (D:6)
  5 gnolls
  4 adders
  4 shadow imps
  An ooze (D:1)
  An adder skeleton (D:6)
  An adder zombie (D:5)
  4 worms
  2 dart slugs (D:1)
  3 leopard geckos
  23 orcs
  6 giant cockroaches
  9 goblins
  4 hobgoblins
  9 kobolds
  3 quokkas
  7 bats
  4 frilled lizards
  3 leopard gecko skeletons
  A quokka zombie (D:6)
  11 rats
159 creatures vanquished.

Vanquished Creatures (collateral kills)
  A two-headed ogre (D:8)
  The ghost of p0werm0de the Sneak, an amateur OpAM of Wu Jian (D:4)
  An ice beast (D:6)
  An ogre (D:7)
  A scorpion (D:8)
  2 wights (D:6)
  A centaur zombie (D:5)
  A gnoll shaman (D:7)
  A worker ant (D:7)
  3 gnolls (D:7)
  An adder (D:6)
  A shadow imp (D:7)
  5 orcs
  A giant cockroach (D:7)
  3 jackals (D:4)
24 creatures vanquished.

Grand Total: 183 creatures vanquished

Notes
Turn   | Place    | Note
-------+----------+-------------------------------------------
     0 | D:1      | Laiders the Deep Elf Wizard began the quest for the Orb.
     0 | D:1      | Reached XP level 1. HP: 10/10 MP: 7/7
   200 | D:1      | Reached XP level 2. HP: 15/15 MP: 9/9
   204 | D:1      | Learned a level 2 spell: Call Imp
   207 | D:1      | Learned a level 2 spell: Blink
   458 | D:1      | You fall through a shaft!
   467 | D:2      | Reached skill level 5 in Spellcasting
   796 | D:1      | Reached XP level 3. HP: 19/19 MP: 5/11
  1410 | D:2      | Found a shimmering altar of Xom.
  2263 | D:2      | Found an iron altar of Okawaru.
  2703 | D:3      | Reached XP level 4. HP: 24/24 MP: 13/13
  2785 | D:3      | Found a stormy altar of Qazlal.
  2789 | D:3      | Noticed Grinder
  2798 | D:3      | Found a faded altar of an unknown god.
  2975 | D:3      | Paralysed by Grinder for 3 turns
  2984 | D:3      | Paralysed by Grinder for 6 turns
  3023 | D:3      | Killed Grinder
  3023 | D:3      | Reached skill level 8 in Spellcasting
  3023 | D:3      | Reached XP level 5. HP: 28/28 MP: 11/17
  3548 | D:3      | Learned a level 3 spell: Mephitic Cloud
  3835 | D:4      | Reached XP level 6. HP: 23/33 MP: 5/19
  4165 | D:4      | Noticed p0werm0de's ghost (amateur OpAM)
  4185 | D:4      | Killed p0werm0de's ghost
  4185 | D:4      | Reached skill level 1 in Fighting
  4843 | D:4      | Reached XP level 7. HP: 24/39 MP: 8/20
  5234 | D:4      | Found a blossoming altar of Fedhas.
  5236 | D:4      | Found a shattered altar of Ashenzari.
  5236 | D:4      | Found a shadowy altar of Dithmenos.
  5484 | D:5      | Entered Level 5 of the Dungeon
  5525 | D:5      | Reached skill level 1 in Air Magic
  5525 | D:5      | Reached skill level 1 in Poison Magic
  5978 | D:5      | Learned a level 3 spell: Conjure Flame
  6323 | D:5      | Learned a level 4 spell: Cause Fear
  6462 | D:5      | Reached skill level 1 in Hexes
  7129 | D:5      | Reached XP level 8. HP: 41/46 MP: 17/22
  7330 | D:5      | Learned a level 2 spell: Slow
  7869 | D:6      | Noticed p0werm0de's ghost (novice OpGl)
  7903 | D:6      | Killed p0werm0de's ghost
  7903 | D:6      | Reached skill level 5 in Fighting
  7982 | D:6      | Found a staircase to the Ecumenical Temple.
  8008 | Temple   | Entered the Ecumenical Temple
  8207 | Temple   | Became a worshipper of Sif Muna the Loreminder
  8356 | D:6      | Reached skill level 1 in Fire Magic
  8791 | D:6      | Reached XP level 9. HP: 25/55 MP: 2/23
  9297 | D:7      | Reached skill level 5 in Hexes
  9302 | D:7      | Reached * piety under Sif Muna
  9361 | D:7      | Found an ornate altar of the Wu Jian Council.
  9473 | D:7      | Reached skill level 1 in Invocations
  9473 | D:7      | Reached skill level 1 in Evocations
  9864 | D:7      | Learned a level 3 spell: Regeneration
  9869 | D:7      | Learned a level 4 spell: Animate Dead
 10118 | D:7      | Reached skill level 1 in Necromancy
 10556 | D:7      | Reached skill level 1 in Charms
 10998 | D:8      | Found Xaheulu's Magic Scroll Boutique.
 10999 | D:8      | Noticed a two-headed ogre
 11014 | D:8      | Killed a two-headed ogre
 11111 | D:8      | Reached ** piety under Sif Muna
 11159 | D:7      | HP: 2/82 [killer bee (3)]
 11166 | D:7      | Reached skill level 1 in Staves
 11469 | D:8      | Slain by a hippogriff

Vault maps used:
D:1:      ncdulo_smallfort
D:2:      okawaru_trees_1, xom_butterflies
D:3:      overflow_temple_1_default, chequers_ecumenical_altar_simple_redux,
          grunt_decor_resistance, uniq_grinder
D:4:      grunt_temple_overflow_open
D:5:      first_bread
D:6:      temple_green, st_stairs_5
D:7:      overflow_temple_1_default
D:8:      gammafunk_temple_overflow_statue, serial_shops, nicolae_shop_trees,
          nicolae_shop_behind_doors, nicolae_shop_crystal, shop_statue
Temple:   nicolae_temple_figure_eight

Skill      XL: |  1  2  3  4  5  6  7  8  9 |
---------------+----------------------------+-----
Conjurations   | 2 3 |  3.0
Spellcasting   | 5 8 |  8.1
Fighting       | 1 3 5 6 |  6.0
Summonings     | 3 |  3.4
Translocations | 2 3 |  3.0
Air Magic      | 2 3 |  3.1
Poison Magic   | 3 |  3.0
Hexes          | 2 4 5 |  5.0
Fire Magic     | 2 3 |  3.0
Invocations    | 3 |  3.0
Evocations     | 3 |  3.0
Necromancy     | 4 |  4.0
Charms         | 4 |  4.1
Staves         | 1 |  1.1
Dodging        | 3 |  3.0
Stealth        | |  2.4

Action                   |  1- 3 |  4- 6 |  7- 9 || total
-------------------------+-------+-------+-------++-------
Melee: Short sword       |   105 |    45 |       ||   150
       Hand axe          |       |       |   170 ||   170
       Staff             |       |       |    30 ||    30
 Cast: Magic Dart        |    65 |    70 |   303 ||   438
       Blink             |     1 |     3 |     9 ||    13
       Call Imp          |       |    19 |    45 ||    64
       Mephitic Cloud    |       |     5 |    15 ||    20
       Conjure Flame     |       |       |     6 ||     6
       Regeneration      |       |       |     4 ||     4
       Slow              |       |       |     1 ||     1
       Animate Dead      |       |       |     1 ||     1
  Use: Potion            |       |     5 |     4 ||     9
       Scroll            |       |    10 |     5 ||    15
 Stab: Sleeping          |     4 |     2 |     2 ||     8
       Confused          |       |     3 |     3 ||     6
       Distracted        |       |       |     3 ||     3
  Eat: Chunk             |     1 |     7 |    17 ||    25
       Bread ration      |     1 |       |       ||     1
       Royal jelly       |       |       |     1 ||     1
Armor: Robe              |    32 |    14 |   110 ||   156
       Skin              |       |     1 |    20 ||    21
Dodge: Dodged            |   119 |    29 |   223 ||   371

Table legend:
 A = Spawn XP
 B = Non-spawn XP
 C = Spawn XP percentage of total XP
 D = Spawn monster count
 E = Non-spawn monster count
 F = Spawn count percentage of total count
 G = Total turns spent on level
                    A         B        C        D         E        F      G
               +---------+---------+-------+---------+---------+-------+---------
         Total |       0 |    4955 |   0.0 |       0 |     183 |   0.0 | 11469
               +---------+---------+-------+---------+---------+-------+---------
           D:1 |       0 |      52 |   0.0 |       0 |      28 |   0.0 |  1273
           D:2 |       0 |      32 |   0.0 |       0 |      15 |   0.0 |  1198
           D:3 |       0 |     251 |   0.0 |       0 |      15 |   0.0 |  1187
           D:4 |       0 |     475 |   0.0 |       0 |      25 |   0.0 |  1826
           D:5 |       0 |     667 |   0.0 |       0 |      29 |   0.0 |  1894
           D:6 |       0 |    1497 |   0.0 |       0 |      30 |   0.0 |  1599
           D:7 |       0 |    1097 |   0.0 |       0 |      32 |   0.0 |  2117
           D:8 |       0 |     884 |   0.0 |       0 |       9 |   0.0 |   154
               +---------+---------+-------+---------+---------+-------+---------
